TOP OF THE 1ST |
New York Knights batting - Pitching for Nassau Rockets : RHP Nolan Baker
|
Pitching: RHP Nolan Baker
|
|
Batting: LHB Warren Potter
|
0-0: Ball 1-0: Swinging Strike 1-1: Called Strike 1-2: Fly out, F7 (Flyball, 7LM)
|
Batting: RHB Pepe Carrasco
|
0-0: Ball 1-0: SINGLE (Groundball, 6MD)
|
Batting: LHB Troy Donaldson
|
0-0: Called Strike 0-1: Ball 1-1: Ball 2-1: Ball 3-1: Foul Ball, location: 2F 3-2: Fielders Choice at 2nd, 4-6 (Groundball, 4)
|
Batting: LHB Pablo Rivas
|
0-0: Ball 1-0: Called Strike 1-1: Called Strike 1-2: 2-RUN HOME RUN (Flyball, 89XD), Distance : 399 ft
|
Batting: SHB Marvin Harris
|
0-0: Ball 1-0: Swinging Strike 1-1: Foul Ball, location: 2F 1-2: Foul Ball, location: 2F 1-2: Foul Ball, location: 2F 1-2: Strikes out swinging
|
Top of the 1st over - 2 run(s), 2 hit(s), 0 error(s), 0 left on base; New York 2 - Nassau 0 |
BOTTOM OF THE 1ST |
Nassau Rockets batting - Pitching for New York Knights : LHP Hong-ryul Yun
|
Pitching: LHP Hong-ryul Yun
|
|
Batting: SHB Edgardo Osorio
|
0-0: Ball 1-0: Swinging Strike 1-1: Foul Ball, location: 2F 1-2: SINGLE (Groundball, 56S) (infield hit)
|
Batting: RHB Rubén Matos
|
0-0: Ball 1-0: Grounds into double play, 4-6-3 (Groundball, 34)
|
Batting: LHB Doug Thompson
|
0-0: Ball 1-0: Called Strike 1-1: Swinging Strike 1-2: Foul Ball, location: 2F 1-2: Foul Ball, location: 2F 1-2: Ground out 3-1 (Groundball, 34)
|
Bottom of the 1st over - 0 run(s), 1 hit(s), 0 error(s), 0 left on base; New York 2 - Nassau 0 |
TOP OF THE 2ND |
New York Knights batting - Pitching for Nassau Rockets : RHP Nolan Baker
|
Batting: LHB Marcos Pérez
|
0-0: Foul Ball, location: 2F 0-1: Ball 1-1: Fly out, F6 (Line Drive, 6)
|
Batting: RHB Lonnie Anderson
|
0-0: Ball 1-0: Fly out, F2 (Popup, 34S)
|
Batting: RHB Yasuhiko Sumita
|
0-0: Ball 1-0: Foul Ball, location: 2F 1-1: Ball 2-1: Swinging Strike 2-2: Strikes out swinging
|
Top of the 2nd over - 0 run(s), 0 hit(s), 0 error(s), 0 left on base; New York 2 - Nassau 0 |
BOTTOM OF THE 2ND |
Nassau Rockets batting - Pitching for New York Knights : LHP Hong-ryul Yun
|
Batting: LHB Wilson Allen
|
0-0: Called Strike 0-1: Called Strike 0-2: Ball 1-2: Strikes out looking
|
Batting: LHB Bob Martin
|
0-0: Ball 1-0: Foul Ball, location: 2F 1-1: Ball 2-1: Ball 3-1: Fly out, F9 (Flyball, 9LS)
|
Batting: LHB Andrew Alvarado
|
0-0: Called Strike 0-1: Ball 1-1: Foul Ball, location: 2F 1-2: TRIPLE (Line Drive, 9D)
|
Batting: SHB Howard Parker
|
0-0: Foul Ball, location: 2F 0-1: Ball 1-1: Called Strike 1-2: Foul Ball, location: 2F 1-2: Foul Ball, location: 2F 1-2: Ball 2-2: Foul Ball, location: 2F 2-2: Fly out, F4 (Line Drive, 4)
|
Bottom of the 2nd over - 0 run(s), 1 hit(s), 0 error(s), 1 left on base; New York 2 - Nassau 0 |
TOP OF THE 3RD |
New York Knights batting - Pitching for Nassau Rockets : RHP Nolan Baker
|
Batting: LHB Dan Hamilton
|
0-0: Ground out 4-3 (Groundball, 4)
|
Batting: LHB Warren Potter
|
0-0: Ball 1-0: Called Strike 1-1: Called Strike 1-2: Foul Ball, location: 2F 1-2: Ball 2-2: Strikes out swinging
|
Batting: RHB Pepe Carrasco
|
0-0: Called Strike 0-1: Ball 1-1: Ball 2-1: Foul Ball, location: 2F 2-2: Ball 3-2: Foul Ball, location: 2F 3-2: SINGLE (Groundball, 4D)
|
Batting: LHB Troy Donaldson
|
0-0: Called Strike 0-1: Fielders Choice at 2nd, 4-6 (Groundball, 4)
|
Top of the 3rd over - 0 run(s), 1 hit(s), 0 error(s), 0 left on base; New York 2 - Nassau 0 |
BOTTOM OF THE 3RD |
Nassau Rockets batting - Pitching for New York Knights : LHP Hong-ryul Yun
|
Batting: RHB Brant Sherman
|
0-0: Ball 1-0: Ball 2-0: Ball 3-0: Called Strike 3-1: Foul Ball, location: 2F 3-2: Strikes out swinging
|
Batting: RHB Pete Harvey
|
0-0: Ball 1-0: Ball 2-0: SINGLE (Groundball, 6MD)
|
Batting: SHB Edgardo Osorio
|
0-0: Ball 1-0: Called Strike 1-1: 2-RUN HOME RUN (Flyball, 7D), Distance : 348 ft
|
Batting: RHB Rubén Matos
|
0-0: Ball 1-0: Ground out U3 (Groundball, 3)
|
Batting: LHB Doug Thompson
|
0-0: Ball 1-0: Ball 2-0: Ball 3-0: Called Strike 3-1: SINGLE (Line Drive, 34D)
|
Batting: LHB Wilson Allen
|
0-0: Called Strike 0-1: Called Strike 0-2: Foul Ball, location: 2F 0-2: Fielders Choice at 2nd, 6-4 (Groundball, 6)
|
Bottom of the 3rd over - 2 run(s), 3 hit(s), 0 error(s), 0 left on base; New York 2 - Nassau 2 |
TOP OF THE 4TH |
New York Knights batting - Pitching for Nassau Rockets : RHP Nolan Baker
|
Batting: LHB Pablo Rivas
|
0-0: Ball 1-0: Ball 2-0: Fly out, F8 (Flyball, 8RM)
|
Batting: SHB Marvin Harris
|
0-0: Ball 1-0: Foul Ball, location: 2F 1-1: Ball 2-1: Foul Ball, location: 2F 2-2: SOLO HOME RUN (Line Drive, 89XD), Distance : 376 ft
|
Batting: LHB Marcos Pérez
|
0-0: Ball 1-0: Ground out 4-3 (Groundball, 4M)
|
Batting: RHB Lonnie Anderson
|
0-0: Swinging Strike 0-1: Swinging Strike 0-2: SOLO HOME RUN (Flyball, 9LD), Distance : 343 ft
|
Batting: RHB Yasuhiko Sumita
|
0-0: Ball 1-0: Called Strike 1-1: Ball 2-1: Called Strike 2-2: Ground out 4-3 (Groundball, 34)
|
Top of the 4th over - 2 run(s), 2 hit(s), 0 error(s), 0 left on base; New York 4 - Nassau 2 |
BOTTOM OF THE 4TH |
Nassau Rockets batting - Pitching for New York Knights : LHP Hong-ryul Yun
|
Batting: LHB Bob Martin
|
0-0: Ball 1-0: Called Strike 1-1: Ball 2-1: Called Strike 2-2: Strikes out swinging
|
Batting: LHB Andrew Alvarado
|
0-0: Ball 1-0: Ball 2-0: Called Strike 2-1: DOUBLE (Line Drive, 78S)
|
Batting: SHB Howard Parker
|
0-0: Ball Wild Pitch! Andrew Alvarado to third 1-0: Foul Ball, location: 2F 1-1: Foul Ball, location: 2F 1-2: Ball 2-2: Strikes out swinging
|
Batting: RHB Brant Sherman
|
0-0: Ball 1-0: Foul Ball, location: 2F 1-1: Ball 2-1: Fly out, F9 (Flyball, 9LM)
|
Bottom of the 4th over - 0 run(s), 1 hit(s), 0 error(s), 1 left on base; New York 4 - Nassau 2 |
TOP OF THE 5TH |
New York Knights batting - Pitching for Nassau Rockets : RHP Nolan Baker
|
Batting: LHB Dan Hamilton
|
0-0: Ball 1-0: Bunt for hit - play at first, batter OUT! 1-3
|
Batting: LHB Warren Potter
|
0-0: Swinging Strike 0-1: Fly out, F9 (Flyball, 89S)
|
Batting: RHB Pepe Carrasco
|
0-0: SOLO HOME RUN (Flyball, 89XD), Distance : 377 ft
|
Pitching: RHP Dong-hyun Kim
|
|
Batting: LHB Troy Donaldson
|
0-0: Fly out, F5 (Popup, 5L)
|
Top of the 5th over - 1 run(s), 1 hit(s), 0 error(s), 0 left on base; New York 5 - Nassau 2 |
BOTTOM OF THE 5TH |
Nassau Rockets batting - Pitching for New York Knights : LHP Hong-ryul Yun
|
Batting: RHB Pete Harvey
|
0-0: Ball 1-0: Ball 2-0: Swinging Strike 2-1: Foul Ball, location: 2F 2-2: Strikes out swinging
|
Batting: SHB Edgardo Osorio
|
0-0: Foul Ball, location: 2F 0-1: Ball 1-1: Ball 2-1: SOLO HOME RUN (Flyball, 7D), Distance : 353 ft
|
Batting: RHB Rubén Matos
|
0-0: Called Strike 0-1: Foul Ball, location: 2F 0-2: SINGLE (Line Drive, 9S)
|
Batting: LHB Doug Thompson
|
0-0: Reached on error, E3 (Groundball, 34S) Rubén Matos to second
|
Batting: LHB Wilson Allen
|
0-0: Foul Ball, location: 2F 0-1: Fly out, F9 (Flyball, 9D) Runner from 2nd tags up, SAFE at 3rd, no throw
|
Batting: LHB Bob Martin
|
0-0: Ball 1-0: Ball 2-0: SINGLE (Flyball, 56D) Rubén Matos scores Doug Thompson to second
|
Batting: LHB Andrew Alvarado
|
0-0: Ball 1-0: Ball 2-0: SINGLE (Flyball, 7S) Doug Thompson to third Bob Martin to second Runner from 3rd tries for Home, SAFE, no throw
|
Batting: SHB Howard Parker
|
0-0: Ball 1-0: Called Strike 1-1: Ball 2-1: Ball 3-1: Called Strike 3-2: Strikes out looking
|
Bottom of the 5th over - 3 run(s), 4 hit(s), 1 error(s), 2 left on base; New York 5 - Nassau 5 |
TOP OF THE 6TH |
New York Knights batting - Pitching for Nassau Rockets : RHP Dong-hyun Kim
|
Batting: LHB Pablo Rivas
|
0-0: Ball 1-0: Swinging Strike 1-1: Called Strike 1-2: Strikes out swinging
|
Batting: SHB Marvin Harris
|
0-0: Called Strike 0-1: Foul Ball, location: 2F 0-2: Ground out U3 (Groundball, 34S)
|
Batting: LHB Marcos Pérez
|
0-0: Foul Ball, location: 2F 0-1: Ball 1-1: SINGLE (Line Drive, 3D)
|
Batting: RHB Lonnie Anderson
|
0-0: Ball 1-0: Called Strike 1-1: Called Strike 1-2: Strikes out swinging
|
Top of the 6th over - 0 run(s), 1 hit(s), 0 error(s), 1 left on base; New York 5 - Nassau 5 |
BOTTOM OF THE 6TH |
Nassau Rockets batting - Pitching for New York Knights : LHP Hong-ryul Yun
|
Batting: RHB Brant Sherman
|
0-0: Ball 1-0: Called Strike 1-1: Ball 2-1: Foul Ball, location: 2F 2-2: Ball 3-2: Foul Ball, location: 2F 3-2: Strikes out looking
|
Batting: RHB Pete Harvey
|
0-0: Ball 1-0: Swinging Strike 1-1: Called Strike 1-2: Fly out, F4 (Popup, 4)
|
Batting: SHB Edgardo Osorio
|
0-0: Swinging Strike 0-1: Ball 1-1: Ball 2-1: Foul Ball, location: 2F 2-2: SINGLE (Groundball, 6MD)
|
Batting: RHB Rubén Matos
|
0-0: Called Strike Edgardo Osorio steals 2nd base 0-1: Foul Ball, location: 2F 0-2: Ball 1-2: Ball 2-2: Foul Ball, location: 2F 2-2: Strikes out looking
|
Bottom of the 6th over - 0 run(s), 1 hit(s), 0 error(s), 1 left on base; New York 5 - Nassau 5 |
TOP OF THE 7TH |
New York Knights batting - Pitching for Nassau Rockets : RHP Dong-hyun Kim
|
Batting: RHB Yasuhiko Sumita
|
0-0: Called Strike 0-1: Ball 1-1: Fly out, F9 (Flyball, 9S)
|
Pitching: LHP Gianluigi Ciottone
|
|
Pinch Hitting: RHB Jacob Pope
|
0-0: DOUBLE (Line Drive, 78M)
|
Pitching: RHP Juan Franco
|
|
Batting: LHB Warren Potter
|
0-0: Ball 1-0: Ball 2-0: Foul Ball, location: 2F 2-1: Ball 3-1: Foul Ball, location: 2F 3-2: Base on Balls
|
Batting: RHB Pepe Carrasco
|
0-0: Ball 1-0: Fly out, F9 (Flyball, 9LS)
|
Batting: LHB Troy Donaldson
|
0-0: DOUBLE (Groundball, 3L) Jacob Pope scores Warren Potter to third Runner from 3rd tries for Home, SAFE, no throw
|
Batting: LHB Pablo Rivas
|
0-0: Ball 1-0: DOUBLE (Line Drive, 89D) Troy Donaldson scores
|
Pitching: LHP Dennis Taylor
|
|
Batting: SHB Marvin Harris
|
0-0: Ball 1-0: Swinging Strike 1-1: DOUBLE (Line Drive, 78XD) Pablo Rivas scores
|
Batting: LHB Marcos Pérez
|
0-0: SINGLE (Flyball, 9LM) Marvin Harris to third Runner from 3rd tries for Home, SAFE, throw made home
|
Batting: RHB Lonnie Anderson
|
0-0: Ball Pickoff Throw to First - Out!
|
Top of the 7th over - 5 run(s), 5 hit(s), 0 error(s), 0 left on base; New York 10 - Nassau 5 |
BOTTOM OF THE 7TH |
Nassau Rockets batting - Pitching for New York Knights : LHP Hong-ryul Yun
|
Now at 2B: Tom Meyer
|
|
Batting: LHB Doug Thompson
|
0-0: Ball 1-0: SOLO HOME RUN (Flyball, 9LD), Distance : 331 ft
|
Pitching: LHP Leo Huggins
|
|
Batting: LHB Wilson Allen
|
0-0: Foul Ball, location: 2F 0-1: Swinging Strike 0-2: Strikes out looking
|
Batting: LHB Bob Martin
|
0-0: Called Strike 0-1: Foul Ball, location: 2F 0-2: Strikes out swinging, 2-3 out at first.
|
Batting: LHB Andrew Alvarado
|
0-0: Called Strike 0-1: Foul Ball, location: 2F 0-2: Ball 1-2: Foul Ball, location: 2F 1-2: Foul Ball, location: 2F 1-2: Strikes out swinging
|
Bottom of the 7th over - 1 run(s), 1 hit(s), 0 error(s), 0 left on base; New York 10 - Nassau 6 |
TOP OF THE 8TH |
New York Knights batting - Pitching for Nassau Rockets : LHP Dennis Taylor
|
Batting: RHB Lonnie Anderson
|
0-0: Ball 1-0: Ball 2-0: Ball 3-0: Base on Balls
|
Batting: RHB Yasuhiko Sumita
|
0-0: Fly out, F9 (Flyball, 9D)
|
Batting: RHB Tom Meyer
|
0-0: Ground out U3 (Groundball, 3) Lonnie Anderson to second
|
Batting: LHB Warren Potter
|
0-0: Ball 1-0: Called Strike 1-1: Ball 2-1: Called Strike 2-2: Ball 3-2: Ground out U3 (Groundball, 3L)
|
Top of the 8th over - 0 run(s), 0 hit(s), 0 error(s), 1 left on base; New York 10 - Nassau 6 |
BOTTOM OF THE 8TH |
Nassau Rockets batting - Pitching for New York Knights : LHP Leo Huggins
|
Batting: SHB Howard Parker
|
0-0: Called Strike 0-1: Ball 1-1: Foul Ball, location: 2F 1-2: Strikes out swinging
|
Batting: RHB Brant Sherman
|
0-0: Ball 1-0: Ball 2-0: Ball 3-0: Called Strike 3-1: Base on Balls
|
Batting: RHB Pete Harvey
|
0-0: Ball 1-0: Called Strike 1-1: Foul Ball, location: 2F 1-2: Grounds into double play, 5-4-3 (Groundball, 56)
|
Bottom of the 8th over - 0 run(s), 0 hit(s), 0 error(s), 0 left on base; New York 10 - Nassau 6 |
TOP OF THE 9TH |
New York Knights batting - Pitching for Nassau Rockets : LHP Dennis Taylor
|
Batting: RHB Pepe Carrasco
|
0-0: Called Strike 0-1: Foul Ball, location: 2F 0-2: Strikes out swinging
|
Batting: LHB Troy Donaldson
|
0-0: Hit by Pitch
|
Batting: LHB Pablo Rivas
|
0-0: Called Strike 0-1: Called Strike 0-2: Strikes out looking
|
Batting: SHB Marvin Harris
|
0-0: Called Strike Troy Donaldson is caught stealing 2nd base
|
Top of the 9th over - 0 run(s), 0 hit(s), 0 error(s), 0 left on base; New York 10 - Nassau 6 |
BOTTOM OF THE 9TH |
Nassau Rockets batting - Pitching for New York Knights : LHP Leo Huggins
|
Pitching: RHP Paco Ruíz
|
|
Batting: SHB Edgardo Osorio
|
0-0: Swinging Strike 0-1: Foul Ball, location: 2F 0-2: Ball 1-2: Ball 2-2: Ball 3-2: Base on Balls
|
Batting: RHB Rubén Matos
|
0-0: Ball 1-0: Foul Ball, location: 2F 1-1: Grounds into double play, 4-6-3 (Groundball, 4)
|
Batting: LHB Doug Thompson
|
0-0: Called Strike 0-1: Called Strike 0-2: Foul Ball, location: 2F 0-2: Ball 1-2: Strikes out swinging
|
Bottom of the 9th over - 0 run(s), 0 hit(s), 0 error(s), 0 left on base; New York 10 - Nassau 6 |
|